Blues vs Red Wings
Created - April 26, 2021 at 19:18
Goals
|
| Blues |
1 |
0 |
0 |
1 |
| Red Wings |
0 |
2 |
0 |
2 |
|
Shots
|
| Blues |
10 |
10 |
7 |
27 |
| Red Wings |
8 |
13 |
17 |
38 |
|
1st period
1. Blues , Nicklas Backstrom 40 (Jake Gardiner 31, Tyler Johnson 61) at 7:19 (PP)
Penalties :
Ryan Murray (STL) for Tripping (Minor) at 3:57, Mike Richards (Det) for Tripping (Minor) at 7:14, Jiri Fischer (Det) for Holding (Minor) at 16:20
2nd period
2. Red Wings , Kris Versteeg 30 (Ole-Kristian Tollefsen 32) at 5:34 (PP)
3. Red Wings , Marko Dano 21 (Kris Versteeg 36, Philip Samuelsson 41) at 10:18
Penalties :
Philip Samuelsson (Det) for Roughing (Minor) at 0:43, Brandon Yip (STL) for Hooking (Minor) at 5:13, Fabian Brunnstrom (STL) for Slashing (Minor) at 11:52, Filip Forsberg (STL) for Tripping (Minor) at 14:46, Anthony Mantha (STL) for Hooking (Minor) at 19:01
3rd period
No Goal
Penalties :
Linus Omark (STL) for Hooking (Minor) at 16:41
Goalie Stats
Carey Price (STL), 36 saves from 38 shots - (0.947), L, 38-19-5, 60:00 minutes
Robin Lehner (Det), 26 saves from 27 shots - (0.963), W, 28-29-7, 60:00 minutes
Players Stats for Blues
Player Name G A P +/- PIM S H SB GA TA FO MP PP MP PK MP
------------------------------------------------------------------------------------
Alex Pietrangelo 0 0 0 0 0 2 0 2 1 0 0/0 21:40 2:37 0:00
Anthony Mantha 0 0 0 0 2 0 0 1 0 0 0/0 10:18 0:00 0:00
Brandon Yip 0 0 0 0 2 0 0 1 0 0 0/0 5:18 0:24 0:00
Cody Ceci 0 0 0 -1 0 0 1 0 0 2 0/0 19:25 0:00 6:53
David Perron 0 0 0 -1 0 5 1 0 0 1 1/2 18:58 2:13 3:23
Drew Shore 0 0 0 0 0 0 0 0 0 1 6/17 16:31 0:00 6:11
Fabian Brunnstrom 0 0 0 0 2 3 1 0 0 0 1/1 10:48 0:00 0:30
Filip Forsberg 0 0 0 0 2 0 2 0 0 1 1/2 18:20 1:33 1:04
Jacob Slavin 0 0 0 -1 0 1 1 0 0 0 0/0 12:29 1:26 0:37
Jake Gardiner 0 1 1 0 0 2 0 0 0 0 0/0 22:43 2:37 3:23
Kevin Hayes 0 0 0 -1 0 0 2 0 0 1 0/0 15:29 1:50 0:00
Linus Omark 0 0 0 0 2 1 0 0 0 0 0/0 7:02 0:41 0:00
Nicklas Backstrom 1 0 1 0 0 3 3 2 0 0 11/28 18:36 1:49 0:00
Ryan Murray 0 0 0 0 2 2 2 1 0 2 0/0 21:50 1:26 2:46
Ryan O'Reilly 0 0 0 -1 0 5 4 0 2 0 4/14 17:42 1:50 3:14
Tyler Johnson 0 1 1 0 0 3 0 2 1 1 1/2 24:21 1:49 6:10
Vincent Lecavalier 0 0 0 0 0 0 1 0 0 0 1/2 6:15 0:00 0:00
Yann Sauvé 0 0 0 0 0 0 0 4 0 0 0/0 21:53 0:00 6:53
Players Stats for Red Wings
Player Name G A P +/- PIM S H SB GA TA FO MP PP MP PK MP
------------------------------------------------------------------------------------
Alex Picard 0 0 0 0 0 1 0 0 1 0 0/0 10:39 0:00 1:00
Carson Mcmillan 0 0 0 0 0 4 0 0 0 1 0/0 12:33 0:00 1:58
Connor Brown 0 0 0 0 0 3 1 0 2 0 1/2 18:22 5:55 0:00
Darroll Powe 0 0 0 0 0 0 3 0 1 0 2/6 8:42 0:00 1:39
David Krejci 0 0 0 0 0 0 0 0 0 0 1/6 10:55 0:00 1:16
Frans Nielsen 0 0 0 0 0 4 0 0 1 0 13/15 18:57 4:21 1:08
Jakub Kindl 0 0 0 0 0 0 0 0 0 0 0/0 12:31 0:00 2:04
Jiri Fischer 0 0 0 0 2 0 1 1 0 0 0/0 18:03 3:52 0:51
Kellan Lain 0 0 0 0 0 1 3 0 1 0 0/0 16:53 4:21 0:00
Kris Versteeg 1 1 2 1 0 3 2 0 0 0 4/4 21:26 5:55 0:00
Lasse Kukkonen 0 0 0 0 0 1 0 0 0 0 0/0 12:14 0:00 0:35
Marko Dano 1 0 1 1 0 6 2 1 1 0 1/1 19:57 4:21 0:00
Michael Haley 0 0 0 0 0 1 3 0 0 0 0/0 9:04 0:00 1:05
Mike Richards 0 0 0 1 2 5 6 0 0 1 20/34 21:25 5:55 0:00
Ole-Kristian Tollefsen 0 1 1 1 0 2 0 1 0 1 0/0 28:57 6:24 1:52
Petr Pohl 0 0 0 0 0 2 0 0 0 0 0/0 7:03 0:00 0:00
Philip Samuelsson 0 1 1 1 2 3 1 0 1 0 0/0 28:45 6:24 0:49
Ryan O'Byrne 0 0 0 0 0 2 1 0 1 1 0/0 19:28 3:52 1:55
3 Stars
1 - Kris Versteeg (Det)
2 - Robin Lehner (Det)
3 - Carey Price (STL)
Power Play
Blues - 1 on 3 Attempt(s) - 33.33%
Red Wings - 1 on 6 Attempt(s) - 16.67%
Penalty Kill
Blues - 5 on 6 Attempt(s) - 83.33%
- Score 0 goal in Penalty Kill
Red Wings - 2 on 3 Attempt(s) - 66.67%
- Score 0 goal in Penalty Kill
Team Stat
Blues - Hits : 18 - Faceoff Wins : 26 - Blocked Shots : 13 - Penalty Minutes : 12
Red Wings - Hits : 23 - Faceoff Wins : 42 - Blocked Shots : 3 - Penalty Minutes : 6
Official
Referees : Unknown
Linesman : Unknown
Game Notes
Brandon Yip is injured at 6:37 of 3rd period (Strained Left Elbow)
Finance
Level 1 -- Attendance: 5417 (90.28%) -- Ticket Income $579,619
Level 2 -- Attendance: 3805 (76.10%) -- Ticket Income $270,155
Level 3 -- Attendance: 1503 (75.15%) -- Ticket Income $72,144
Level 4 -- Attendance: 2868 (71.70%) -- Ticket Income $94,644
Luxury Box -- Attendance: 908 (90.80%) -- Ticket Income $172,520
Game was played at the Joe Louis Arena.
Total Attendance: 14501 (80.56%)
Total Ticket Income: $1,189,082
Other Income: $178,362
Total Income: $1,367,444
Blues
5 vs 5 Forward
Center Left Wing Right Wing Time % Phy DF OF
1 Nicklas Backstrom Filip Forsberg Tyler Johnson 40 1 2 2
2 Ryan O'Reilly David Perron Kevin Hayes 30 1 2 2
3 Drew Shore Fabian Brunnstrom Anthony Mantha 20 1 2 2
4 Vincent Lecavalier Linus Omark Brandon Yip 10 1 2 2
5 vs 5 Defense
Defense Defense Time % Phy DF OF
1 Alex Pietrangelo Ryan Murray 40 1 2 2
2 Yann Sauvé Jake Gardiner 30 1 2 2
3 Cody Ceci Jacob Slavin 20 1 2 2
4 Alex Pietrangelo Jake Gardiner 10 1 2 2
PowerPlay Forward
Center Left Wing Right Wing Time % Phy DF OF
1 Nicklas Backstrom David Perron Tyler Johnson 60 1 1 3
2 Ryan O'Reilly Filip Forsberg Kevin Hayes 40 1 1 3
PowerPlay Defense
Defense Defense Time % Phy DF OF
1 Alex Pietrangelo Jake Gardiner 60 1 2 2
2 Jacob Slavin Ryan Murray 40 1 2 2
Penalty Kill 4 Players Forward
Center Wing Time % Phy DF OF
1 Drew Shore Tyler Johnson 60 1 3 1
2 Ryan O'Reilly David Perron 40 1 3 1
Penalty Kill 4 Players Defense
Defense Defense Time % Phy DF OF
1 Yann Sauvé Cody Ceci 60 2 3 0
2 Ryan Murray Jake Gardiner 40 2 3 0
Penalty Kill - 3 Players Forward
Forward Time % Phy DF OF
1 Nicklas Backstrom 60 1 2 2
2 Tyler Johnson 40 1 2 2
Penalty Kill - 3 Players Defense
Defense Defense Time % Phy DF OF
1 Alex Pietrangelo Cody Ceci 60 1 2 2
2 Ryan Murray Yann Sauvé 40 1 2 2
4 vs 4 Forward
Center Wing Time % Phy DF OF
1 Nicklas Backstrom Tyler Johnson 60 1 2 2
2 Ryan O'Reilly David Perron 40 1 2 2
4 vs 4 Defense
Defense Defense Time % Phy DF OF
1 Alex Pietrangelo Cody Ceci 60 1 2 2
2 Jake Gardiner Yann Sauvé 40 1 2 2
Last Minutes Offensive
Center Left Wing Right Wing Defense Defense
Nicklas Backstrom David Perron Tyler Johnson Alex Pietrangelo Jake Gardiner
Last Minutes Defensive
Center Left Wing Right Wing Defense Defense
Drew Shore David Perron Tyler Johnson Yann Sauvé Cody Ceci
Goaltenders
Starting : Carey Price
Backup : Pascal Leclaire
Extra Forwards
Normal : Kevin Hayes, Vincent Lecavalier, Ryan O'Reilly - PP : Linus Omark, Nicklas Backstrom - PK : Filip Forsberg
Extra Defensemen
Normal : Cody Ceci, Jake Gardiner, Ryan Murray - PP : Yann Sauvé - PK : Jacob Slavin, Jake Gardiner
Penalty Shots
David Perron, Vincent Lecavalier, Filip Forsberg, Tyler Johnson, Nicklas Backstrom
Scratches
Kevin Bieksa (Healthy), Simon Gagné (Healthy)
Red Wings
5 vs 5 Forward
Center Left Wing Right Wing Time % Phy DF OF
1 Mike Richards Marko Dano Kris Versteeg 40 1 2 2
2 Frans Nielsen Kellan Lain Connor Brown 30 0 2 3
3 David Krejci Alex Picard Carson Mcmillan 20 1 2 2
4 Darroll Powe Michael Haley Petr Pohl 10 1 2 2
5 vs 5 Defense
Defense Defense Time % Phy DF OF
1 Philip Samuelsson Ole-Kristian Tollefsen 40 1 2 2
2 Ryan O'Byrne Jiri Fischer 30 1 2 2
3 Lasse Kukkonen Jakub Kindl 20 1 2 2
4 Philip Samuelsson Ole-Kristian Tollefsen 10 1 2 2
PowerPlay Forward
Center Left Wing Right Wing Time % Phy DF OF
1 Mike Richards Kris Versteeg Connor Brown 60 1 2 2
2 Frans Nielsen Marko Dano Kellan Lain 40 1 2 2
PowerPlay Defense
Defense Defense Time % Phy DF OF
1 Philip Samuelsson Ole-Kristian Tollefsen 60 1 2 2
2 Ryan O'Byrne Jiri Fischer 40 1 2 2
Penalty Kill 4 Players Forward
Center Wing Time % Phy DF OF
1 Darroll Powe Carson Mcmillan 60 1 2 2
2 Frans Nielsen Michael Haley 40 1 2 2
Penalty Kill 4 Players Defense
Defense Defense Time % Phy DF OF
1 Philip Samuelsson Ole-Kristian Tollefsen 60 1 2 2
2 Ryan O'Byrne Jiri Fischer 40 1 2 2
Penalty Kill - 3 Players Forward
Forward Time % Phy DF OF
1 Carson Mcmillan 60 1 2 2
2 Michael Haley 40 1 2 2
Penalty Kill - 3 Players Defense
Defense Defense Time % Phy DF OF
1 Philip Samuelsson Ole-Kristian Tollefsen 60 1 2 2
2 Ryan O'Byrne Jiri Fischer 40 1 2 2
4 vs 4 Forward
Center Wing Time % Phy DF OF
1 Mike Richards Kris Versteeg 60 1 2 2
2 Connor Brown Marko Dano 40 1 2 2
4 vs 4 Defense
Defense Defense Time % Phy DF OF
1 Philip Samuelsson Ole-Kristian Tollefsen 60 1 2 2
2 Ryan O'Byrne Jiri Fischer 40 1 2 2
Last Minutes Offensive
Center Left Wing Right Wing Defense Defense
Mike Richards Marko Dano Kris Versteeg Philip Samuelsson Connor Brown
Last Minutes Defensive
Center Left Wing Right Wing Defense Defense
Frans Nielsen Michael Haley Carson Mcmillan Philip Samuelsson Ole-Kristian Tollefsen
Goaltenders
Starting : Robin Lehner
Backup : Josh Harding
Extra Forwards
Normal : Petr Pohl, Alex Picard, David Krejci - PP : Petr Pohl, Alex Picard - PK : David Krejci
Extra Defensemen
Normal : Lasse Kukkonen, Jakub Kindl, Ryan O'Byrne - PP : Lasse Kukkonen - PK : Jakub Kindl, Ryan O'Byrne
Penalty Shots
Kris Versteeg, Mike Richards, Marko Dano, Carson Mcmillan, Alex Picard
Scratches
Chuck Kobasew (Healthy), Matt Greene (Healthy)
% Time on Ice - Blues
Lines # - Real PCT - Wanted PCT - Time Play
Normal Forward
1 - 35% - 40% - 15:42
2 - 28% - 30% - 12:15
3 - 23% - 20% - 10:16
4 - 14% - 10% - 6:15
Normal Defense
1 - 40% - 40% - 17:41
2 - 32% - 30% - 14:26
3 - 22% - 20% - 9:58
4 - 5% - 10% - 2:23
PP Forward
1 - 55% - 60% - 2:13
2 - 45% - 40% - 1:50
PP Defense
1 - 65% - 60% - 2:37
2 - 35% - 40% - 1:26
PK Forward
1 - 71% - 60% - 7:16
2 - 29% - 40% - 3:00
PK Defense
1 - 67% - 60% - 6:53
2 - 33% - 40% - 3:23
PK3 Forward
1 - 0% - 60%
2 - 0% - 40%
PK3 Defense
1 - 0% - 60%
2 - 0% - 40%
44 Forward
1 - 0% - 60%
2 - 0% - 40%
44 Defense
1 - 0% - 60%
2 - 0% - 40%
Last Minute Offensive - 1:13
Last Minute Defensive - 0:00
Total
Forward - 60:00
Defense - 60:00
|
% Time on Ice - Red Wings
Lines # - Real PCT - Wanted PCT - Time Play
Normal Forward
1 - 35% - 40% - 15:31
2 - 28% - 30% - 12:32
3 - 22% - 20% - 9:39
4 - 16% - 10% - 7:03
Normal Defense
1 - 40% - 40% - 18:06
2 - 31% - 30% - 13:41
3 - 23% - 20% - 10:11
4 - 6% - 10% - 2:47
PP Forward
1 - 58% - 60% - 5:55
2 - 42% - 40% - 4:21
PP Defense
1 - 62% - 60% - 6:24
2 - 38% - 40% - 3:52
PK Forward
1 - 73% - 60% - 2:58
2 - 27% - 40% - 1:05
PK Defense
1 - 61% - 60% - 2:29
2 - 39% - 40% - 1:34
PK3 Forward
1 - 0% - 60%
2 - 0% - 40%
PK3 Defense
1 - 0% - 60%
2 - 0% - 40%
44 Forward
1 - 0% - 60%
2 - 0% - 40%
44 Defense
1 - 0% - 60%
2 - 0% - 40%
Last Minute Offensive - 0:00
Last Minute Defensive - 0:56
Total
Forward - 60:00
Defense - 60:00
|
Play-by-Play
1st period
0:01 of 1st period - Mike Richards wins face-off versus Nicklas Backstrom in neutral zone.
0:16 of 1st period - Snap shot by Mike Richards.
0:16 of 1st period - Shot Misses the Net.
1:02 of 1st period - Backhand shot by Fabian Brunnstrom.
1:02 of 1st period - Shot Misses the Net.
1:22 of 1st period - Snap shot by Linus Omark.
1:22 of 1st period - Stopped by Robin Lehner without a rebound.
1:23 of 1st period - Nicklas Backstrom wins face-off versus Mike Richards in Red Wings zone.
1:34 of 1st period - Slapshot by Marko Dano.
1:34 of 1st period - Stopped by Carey Price without a rebound.
1:35 of 1st period - Frans Nielsen wins face-off versus Ryan O'Reilly in Blues zone.
2:46 of 1st period - Yann Sauvé is hit by Michael Haley and loses puck.
3:31 of 1st period - Off-side.
3:32 of 1st period - Mike Richards wins face-off versus Tyler Johnson in neutral zone.
3:57 of 1st period - Minor Penalty to Ryan Murray for Tripping.
3:58 of 1st period - Mike Richards wins face-off versus Drew Shore in Blues zone.
3:59 of 1st period - Slapshot by Kris Versteeg.
3:59 of 1st period - Stopped by Carey Price without a rebound.
4:00 of 1st period - Mike Richards wins face-off versus Drew Shore in Blues zone.
4:03 of 1st period - Snap shot by Mike Richards.
4:03 of 1st period - Shot Misses the Net.
4:05 of 1st period - Wrist shot by Ole-Kristian Tollefsen.
4:05 of 1st period - Stopped by Carey Price without a rebound.
4:06 of 1st period - Mike Richards wins face-off versus Drew Shore in Blues zone.
4:11 of 1st period - Wrist shot by Connor Brown.
4:11 of 1st period - Stopped by Carey Price without a rebound.
4:12 of 1st period - Mike Richards wins face-off versus Drew Shore in Blues zone.
4:21 of 1st period - Wrist shot by Mike Richards.
4:21 of 1st period - Shot Blocked by Yann Sauvé.
4:23 of 1st period - Slapshot by Philip Samuelsson.
4:23 of 1st period - Shot Misses the Net.
5:26 of 1st period - Jacob Slavin is hit by Mike Richards and loses puck.
5:40 of 1st period - Icing by Frans Nielsen.
5:41 of 1st period - Frans Nielsen wins face-off versus Drew Shore in Red Wings zone.
5:57 of 1st period - Penalty to Ryan Murray is over, Ryan Murray is back on ice.
6:24 of 1st period - Snap shot by Ryan O'Reilly.
6:24 of 1st period - Stopped by Robin Lehner with a rebound.
6:26 of 1st period - Slapshot by David Perron.
6:26 of 1st period - Stopped by Robin Lehner without a rebound.
6:27 of 1st period - Frans Nielsen wins face-off versus Ryan O'Reilly in Red Wings zone.
6:27 of 1st period - Frans Nielsen is hit by Kevin Hayes.
6:57 of 1st period - Off-side.
6:58 of 1st period - Mike Richards wins face-off versus Nicklas Backstrom in neutral zone.
7:07 of 1st period - Wrist shot by Tyler Johnson.
7:07 of 1st period - Stopped by Robin Lehner with a rebound.
7:09 of 1st period - Slapshot by Ryan Murray.
7:09 of 1st period - Deflect By Nicklas Backstrom.
7:09 of 1st period - Shot Misses the Net.
7:09 of 1st period - Puck is out of play.
7:10 of 1st period - Nicklas Backstrom wins face-off versus Mike Richards in Red Wings zone.
7:14 of 1st period - Minor Penalty to Mike Richards for Tripping.
7:15 of 1st period - Nicklas Backstrom wins face-off versus Darroll Powe in Red Wings zone.
7:15 of 1st period - Snap shot by Tyler Johnson.
7:15 of 1st period - Shot Misses the Net.
7:17 of 1st period - Slapshot by Jake Gardiner.
7:17 of 1st period - Stopped by Robin Lehner with a rebound.
7:19 of 1st period - Snap shot by Nicklas Backstrom.
7:19 of 1st period - Goal by Nicklas Backstrom - Blues : 1 - Red Wings : 0.
7:20 of 1st period - Mike Richards wins face-off versus Nicklas Backstrom in neutral zone.
8:30 of 1st period - Off-side.
8:31 of 1st period - Nicklas Backstrom wins face-off versus David Krejci in neutral zone.
9:00 of 1st period - Wrist shot by Marko Dano.
9:00 of 1st period - Stopped by Carey Price with a rebound.
9:50 of 1st period - Jake Gardiner is hit by Philip Samuelsson and loses puck.
10:20 of 1st period - Icing by Lasse Kukkonen.
10:21 of 1st period - Drew Shore wins face-off versus David Krejci in Red Wings zone.
10:32 of 1st period - Slapshot by Alex Pietrangelo.
10:32 of 1st period - Stopped by Robin Lehner without a rebound.
10:33 of 1st period - Mike Richards wins face-off versus Filip Forsberg in Red Wings zone.
11:00 of 1st period - Frans Nielsen is hit by Ryan Murray and loses puck.
11:15 of 1st period - Cody Ceci is hit by Connor Brown and loses puck.
11:46 of 1st period - Icing by Cody Ceci.
11:47 of 1st period - Drew Shore wins face-off versus Mike Richards in Blues zone.
11:56 of 1st period - Snap shot by Tyler Johnson.
11:56 of 1st period - Stopped by Robin Lehner with a rebound.
12:16 of 1st period - Snap shot by Frans Nielsen.
12:16 of 1st period - Stopped by Carey Price without a rebound.
12:17 of 1st period - Frans Nielsen wins face-off versus Ryan O'Reilly in Blues zone.
12:18 of 1st period - Slapshot by Kellan Lain.
12:18 of 1st period - Shot Misses the Net.
12:20 of 1st period - Wrist shot by Kellan Lain.
12:20 of 1st period - Stopped by Carey Price without a rebound.
12:21 of 1st period - Mike Richards wins face-off versus Nicklas Backstrom in Blues zone.
12:34 of 1st period - Slapshot by Kris Versteeg.
12:34 of 1st period - Shot Misses the Net.
12:39 of 1st period - Alex Pietrangelo is hit by Ryan O'Byrne and loses puck.
12:50 of 1st period - Ryan O'Reilly is hit by Kellan Lain and loses puck.
12:59 of 1st period - Snap shot by Ryan O'Reilly.
12:59 of 1st period - Stopped by Robin Lehner with a rebound.
13:01 of 1st period - Wrist shot by Ryan O'Reilly.
13:01 of 1st period - Shot Misses the Net.
13:35 of 1st period - Slapshot by Nicklas Backstrom.
13:35 of 1st period - Shot Blocked by Jiri Fischer.
13:37 of 1st period - Snap shot by Nicklas Backstrom.
13:37 of 1st period - Stopped by Robin Lehner without a rebound.
13:38 of 1st period - Darroll Powe wins face-off versus Nicklas Backstrom in Red Wings zone.
13:43 of 1st period - Filip Forsberg is hit by Darroll Powe and loses puck.
13:52 of 1st period - Cody Ceci is hit by Michael Haley and loses puck.
14:01 of 1st period - Wrist shot by Tyler Johnson.
14:01 of 1st period - Shot Misses the Net.
14:33 of 1st period - Snap shot by Ryan Murray.
14:33 of 1st period - Shot Misses the Net.
15:15 of 1st period - Snap shot by Petr Pohl.
15:15 of 1st period - Stopped by Carey Price without a rebound.
15:16 of 1st period - Ryan O'Reilly wins face-off versus Mike Richards in Blues zone.
15:16 of 1st period - Ryan O'Reilly is hit by Mike Richards.
15:22 of 1st period - Kris Versteeg is hit by David Perron and loses puck.
15:31 of 1st period - Slapshot by Lasse Kukkonen.
15:31 of 1st period - Shot Blocked by Yann Sauvé.
15:33 of 1st period - Snap shot by Mike Richards.
15:33 of 1st period - Shot Misses the Net.
16:20 of 1st period - Minor Penalty to Jiri Fischer for Holding.
16:21 of 1st period - Ryan O'Reilly wins face-off versus Darroll Powe in Red Wings zone.
18:20 of 1st period - Penalty to Jiri Fischer is over, Jiri Fischer is back on ice.
18:26 of 1st period - Ryan O'Byrne is hit by Fabian Brunnstrom and loses puck.
19:16 of 1st period - Michael Haley is hit by Nicklas Backstrom.
Goals for this period are 1 for Blues vs 0 for Red Wings.
Shots for this period are 10 for Blues vs 8 for Red Wings.
2nd period
0:01 of 2nd period - Kris Versteeg wins face-off versus Ryan O'Reilly in neutral zone.
0:16 of 2nd period - Snap shot by Mike Richards.
0:16 of 2nd period - Shot Misses the Net.
0:43 of 2nd period - Minor Penalty to Philip Samuelsson for Roughing.
0:44 of 2nd period - Nicklas Backstrom wins face-off versus Darroll Powe in Red Wings zone.
2:36 of 2nd period - Snap shot by David Krejci.
2:36 of 2nd period - Shot Blocked by Nicklas Backstrom.
2:43 of 2nd period - Penalty to Philip Samuelsson is over, Philip Samuelsson is back on ice.
3:34 of 2nd period - Off-side.
3:35 of 2nd period - Fabian Brunnstrom wins face-off versus David Krejci in neutral zone.
3:44 of 2nd period - Wrist shot by Fabian Brunnstrom.
3:44 of 2nd period - Stopped by Robin Lehner without a rebound.
3:45 of 2nd period - Filip Forsberg wins face-off versus Mike Richards in Red Wings zone.
3:48 of 2nd period - Snap shot by Tyler Johnson.
3:48 of 2nd period - Stopped by Robin Lehner with a rebound.
3:54 of 2nd period - Tyler Johnson is hit by Mike Richards and loses puck.
4:37 of 2nd period - Slapshot by Philip Samuelsson.
4:37 of 2nd period - Stopped by Carey Price with a rebound.
5:13 of 2nd period - Minor Penalty to Brandon Yip for Hooking.
5:14 of 2nd period - Drew Shore wins face-off versus Connor Brown in Blues zone.
5:28 of 2nd period - Off-side.
5:29 of 2nd period - Kris Versteeg wins face-off versus Drew Shore in neutral zone.
5:32 of 2nd period - Slapshot by Ole-Kristian Tollefsen.
5:32 of 2nd period - Stopped by Carey Price with a rebound.
5:34 of 2nd period - Snap shot by Kris Versteeg.
5:34 of 2nd period - Goal by Kris Versteeg - Blues : 1 - Red Wings : 1.
5:35 of 2nd period - Mike Richards wins face-off versus Nicklas Backstrom in neutral zone.
5:40 of 2nd period - Wrist shot by Marko Dano.
5:40 of 2nd period - Shot Blocked by Tyler Johnson.
6:03 of 2nd period - Off-side.
6:04 of 2nd period - Frans Nielsen wins face-off versus Ryan O'Reilly in neutral zone.
6:19 of 2nd period - Ryan O'Reilly is hit by Kellan Lain and loses puck.
6:28 of 2nd period - Jiri Fischer is hit by Ryan O'Reilly and loses puck.
7:21 of 2nd period - Drew Shore is hit by Darroll Powe and loses puck.
7:42 of 2nd period - Ryan Murray is hit by Mike Richards and loses puck.
7:53 of 2nd period - Snap shot by Anthony Mantha.
7:53 of 2nd period - Shot Misses the Net.
7:55 of 2nd period - Snap shot by Ryan Murray.
7:55 of 2nd period - Shot Misses the Net.
7:57 of 2nd period - Slapshot by Alex Pietrangelo.
7:57 of 2nd period - Shot Misses the Net.
8:09 of 2nd period - Wrist shot by Fabian Brunnstrom.
8:09 of 2nd period - Stopped by Robin Lehner with a rebound.
8:11 of 2nd period - Slapshot by Alex Pietrangelo.
8:11 of 2nd period - Stopped by Robin Lehner with a rebound.
8:13 of 2nd period - Slapshot by Anthony Mantha.
8:13 of 2nd period - Shot Misses the Net.
8:15 of 2nd period - Slapshot by Ryan Murray.
8:15 of 2nd period - Stopped by Robin Lehner without a rebound.
8:16 of 2nd period - Nicklas Backstrom wins face-off versus David Krejci in Red Wings zone.
8:19 of 2nd period - Slapshot by Nicklas Backstrom.
8:19 of 2nd period - Stopped by Robin Lehner with a rebound.
8:21 of 2nd period - Snap shot by Nicklas Backstrom.
8:21 of 2nd period - Shot Misses the Net.
8:23 of 2nd period - Wrist shot by Tyler Johnson.
8:23 of 2nd period - Shot Misses the Net.
8:29 of 2nd period - Snap shot by Nicklas Backstrom.
8:29 of 2nd period - Shot Misses the Net.
8:31 of 2nd period - Slapshot by Jacob Slavin.
8:31 of 2nd period - Stopped by Robin Lehner without a rebound.
8:32 of 2nd period - Ryan O'Reilly wins face-off versus Mike Richards in Red Wings zone.
8:33 of 2nd period - Slapshot by David Perron.
8:33 of 2nd period - Stopped by Robin Lehner without a rebound.
8:34 of 2nd period - Mike Richards wins face-off versus Ryan O'Reilly in Red Wings zone.
8:34 of 2nd period - Mike Richards is hit by Ryan O'Reilly.
9:21 of 2nd period - Snap shot by Linus Omark.
9:21 of 2nd period - Shot Blocked by Ole-Kristian Tollefsen.
9:48 of 2nd period - Snap shot by Petr Pohl.
9:48 of 2nd period - Stopped by Carey Price with a rebound.
9:50 of 2nd period - Slapshot by Philip Samuelsson.
9:50 of 2nd period - Shot Misses the Net.
9:52 of 2nd period - Slapshot by Philip Samuelsson.
9:52 of 2nd period - Shot Misses the Net.
10:14 of 2nd period - Slapshot by Marko Dano.
10:14 of 2nd period - Shot Misses the Net.
10:16 of 2nd period - Snap shot by Philip Samuelsson.
10:16 of 2nd period - Deflect By Kris Versteeg.
10:16 of 2nd period - Stopped by Carey Price with a rebound.
10:18 of 2nd period - Snap shot by Marko Dano.
10:18 of 2nd period - Goal by Marko Dano - Blues : 1 - Red Wings : 2.
10:19 of 2nd period - Kris Versteeg wins face-off versus Nicklas Backstrom in neutral zone.
10:28 of 2nd period - Mike Richards is hit by Filip Forsberg and loses puck.
11:30 of 2nd period - Cody Ceci is hit by Michael Haley and loses puck.
11:40 of 2nd period - Icing by Drew Shore.
11:41 of 2nd period - Drew Shore wins face-off versus Mike Richards in Blues zone.
11:46 of 2nd period - Marko Dano is hit by Cody Ceci and loses puck.
11:52 of 2nd period - Minor Penalty to Fabian Brunnstrom for Slashing.
11:53 of 2nd period - Tyler Johnson wins face-off versus Mike Richards in Blues zone.
11:53 of 2nd period - Tyler Johnson is hit by Kris Versteeg.
13:02 of 2nd period - Ryan Murray is hit by Jiri Fischer.
13:18 of 2nd period - Snap shot by Ryan O'Reilly.
13:18 of 2nd period - Stopped by Robin Lehner with a rebound.
13:52 of 2nd period - Penalty to Fabian Brunnstrom is over, Fabian Brunnstrom is back on ice.
14:00 of 2nd period - Slapshot by Ryan Murray.
14:00 of 2nd period - Stopped by Robin Lehner without a rebound.
14:01 of 2nd period - Vincent Lecavalier wins face-off versus David Krejci in Red Wings zone.
14:07 of 2nd period - Off-side.
14:08 of 2nd period - David Krejci wins face-off versus Nicklas Backstrom in neutral zone.
14:11 of 2nd period - Slapshot by Jakub Kindl.
14:11 of 2nd period - Shot Misses the Net.
14:23 of 2nd period - Wrist shot by Alex Picard.
14:23 of 2nd period - Shot Misses the Net.
14:43 of 2nd period - Snap shot by Mike Richards.
14:43 of 2nd period - Stopped by Carey Price without a rebound.
14:44 of 2nd period - Nicklas Backstrom wins face-off versus Mike Richards in Blues zone.
14:46 of 2nd period - Minor Penalty to Filip Forsberg for Tripping.
14:47 of 2nd period - Mike Richards wins face-off versus Drew Shore in Blues zone.
15:24 of 2nd period - Snap shot by Frans Nielsen.
15:24 of 2nd period - Stopped by Carey Price without a rebound.
15:25 of 2nd period - Frans Nielsen wins face-off versus Ryan O'Reilly in Blues zone.
16:46 of 2nd period - Penalty to Filip Forsberg is over, Filip Forsberg is back on ice.
17:38 of 2nd period - Lasse Kukkonen is hit by Nicklas Backstrom and loses puck.
17:51 of 2nd period - Snap shot by Carson Mcmillan.
17:51 of 2nd period - Stopped by Carey Price with a rebound.
17:53 of 2nd period - Backhand shot by Alex Picard.
17:53 of 2nd period - Deflect By Carson Mcmillan.
17:53 of 2nd period - Stopped by Carey Price with a rebound.
17:55 of 2nd period - Slapshot by Jakub Kindl.
17:55 of 2nd period - Deflect By Carson Mcmillan.
17:55 of 2nd period - Shot Blocked by Anthony Mantha.
17:55 of 2nd period - Puck is out of play.
17:56 of 2nd period - Frans Nielsen wins face-off versus David Perron in Blues zone.
17:59 of 2nd period - Slapshot by Connor Brown.
17:59 of 2nd period - Stopped by Carey Price without a rebound.
18:00 of 2nd period - Frans Nielsen wins face-off versus Ryan O'Reilly in Blues zone.
18:51 of 2nd period - Ole-Kristian Tollefsen is hit by Jacob Slavin and loses puck.
19:01 of 2nd period - Minor Penalty to Anthony Mantha for Hooking.
19:02 of 2nd period - Drew Shore wins face-off versus Mike Richards in Blues zone.
19:02 of 2nd period - Drew Shore is hit by Mike Richards.
19:15 of 2nd period - Wrist shot by Kris Versteeg.
19:15 of 2nd period - Shot Misses the Net.
19:17 of 2nd period - Slapshot by Ryan O'Byrne.
19:17 of 2nd period - Stopped by Carey Price without a rebound.
19:18 of 2nd period - Connor Brown wins face-off versus Drew Shore in Blues zone.
19:19 of 2nd period - Wrist shot by Mike Richards.
19:19 of 2nd period - Stopped by Carey Price with a rebound.
19:45 of 2nd period - Marko Dano is hit by Ryan O'Reilly and loses puck.
19:52 of 2nd period - Slapshot by Ryan O'Byrne.
19:52 of 2nd period - Shot Blocked by Yann Sauvé.
Goals for this period are 0 for Blues vs 2 for Red Wings.
Shots for this period are 10 for Blues vs 13 for Red Wings.
3rd period
0:01 of 3rd period - Mike Richards wins face-off versus Drew Shore in neutral zone.
1:01 of 3rd period - Penalty to Anthony Mantha is over, Anthony Mantha is back on ice.
1:19 of 3rd period - Snap shot by Vincent Lecavalier.
1:19 of 3rd period - Shot Misses the Net.
1:37 of 3rd period - Wrist shot by David Perron.
1:37 of 3rd period - Stopped by Robin Lehner with a rebound.
2:03 of 3rd period - Slapshot by Lasse Kukkonen.
2:03 of 3rd period - Stopped by Carey Price without a rebound.
2:04 of 3rd period - Mike Richards wins face-off versus Drew Shore in Blues zone.
2:11 of 3rd period - Snap shot by Marko Dano.
2:11 of 3rd period - Stopped by Carey Price with a rebound.
2:15 of 3rd period - Snap shot by Kris Versteeg.
2:15 of 3rd period - Deflect By Mike Richards.
2:15 of 3rd period - Stopped by Carey Price without a rebound.
2:16 of 3rd period - Kris Versteeg wins face-off versus Nicklas Backstrom in Blues zone.
2:53 of 3rd period - Snap shot by David Perron.
2:53 of 3rd period - Stopped by Robin Lehner without a rebound.
2:54 of 3rd period - Frans Nielsen wins face-off versus Nicklas Backstrom in Red Wings zone.
3:21 of 3rd period - Frans Nielsen is hit by Ryan Murray and loses puck.
3:26 of 3rd period - Wrist shot by Fabian Brunnstrom.
3:26 of 3rd period - Shot Misses the Net.
3:28 of 3rd period - Snap shot by Anthony Mantha.
3:28 of 3rd period - Shot Misses the Net.
3:50 of 3rd period - Snap shot by David Perron.
3:50 of 3rd period - Shot Blocked by Marko Dano.
3:58 of 3rd period - Snap shot by Ryan O'Reilly.
3:58 of 3rd period - Deflect By David Perron.
3:58 of 3rd period - Stopped by Robin Lehner with a rebound.
4:12 of 3rd period - Snap shot by David Krejci.
4:12 of 3rd period - Shot Misses the Net.
4:14 of 3rd period - Backhand shot by Ryan O'Byrne.
4:14 of 3rd period - Stopped by Carey Price without a rebound.
4:15 of 3rd period - Mike Richards wins face-off versus Nicklas Backstrom in Blues zone.
4:52 of 3rd period - Snap shot by Alex Picard.
4:52 of 3rd period - Shot Misses the Net.
4:54 of 3rd period - Slapshot by David Krejci.
4:54 of 3rd period - Shot Misses the Net.
5:08 of 3rd period - Slapshot by Drew Shore.
5:08 of 3rd period - Deflect By Fabian Brunnstrom.
5:08 of 3rd period - Stopped by Robin Lehner without a rebound.
5:09 of 3rd period - Mike Richards wins face-off versus Drew Shore in Red Wings zone.
5:40 of 3rd period - Slapshot by Jake Gardiner.
5:40 of 3rd period - Stopped by Robin Lehner without a rebound.
5:41 of 3rd period - Frans Nielsen wins face-off versus Nicklas Backstrom in Red Wings zone.
6:27 of 3rd period - Slapshot by Jake Gardiner.
6:27 of 3rd period - Shot Misses the Net.
6:29 of 3rd period - Snap shot by Brandon Yip.
6:29 of 3rd period - Deflect By Linus Omark.
6:29 of 3rd period - Shot Misses the Net.
6:29 of 3rd period - Puck is out of play.
6:30 of 3rd period - Marko Dano wins face-off versus Vincent Lecavalier in Red Wings zone.
6:37 of 3rd period - Slapshot by Jiri Fischer.
6:37 of 3rd period - Shot Blocked by Brandon Yip.
6:37 of 3rd period - Brandon Yip from Blues is injured at 6:37 of 3rd period (Strained Left Elbow).
6:38 of 3rd period - Mike Richards wins face-off versus Nicklas Backstrom in Blues zone.
6:49 of 3rd period - Slapshot by Ole-Kristian Tollefsen.
6:49 of 3rd period - Deflect By Mike Richards.
6:49 of 3rd period - Stopped by Carey Price without a rebound.
6:50 of 3rd period - Mike Richards wins face-off versus Nicklas Backstrom in Blues zone.
6:53 of 3rd period - Snap shot by Mike Richards.
6:53 of 3rd period - Shot Blocked by Alex Pietrangelo.
6:55 of 3rd period - Snap shot by Mike Richards.
6:55 of 3rd period - Shot Blocked by Alex Pietrangelo.
6:57 of 3rd period - Snap shot by Philip Samuelsson.
6:57 of 3rd period - Shot Misses the Net.
7:01 of 3rd period - Snap shot by Marko Dano.
7:01 of 3rd period - Stopped by Carey Price with a rebound.
7:03 of 3rd period - Slapshot by Ole-Kristian Tollefsen.
7:03 of 3rd period - Shot Blocked by Ryan Murray.
7:05 of 3rd period - Snap shot by Mike Richards.
7:05 of 3rd period - Stopped by Carey Price without a rebound.
7:06 of 3rd period - David Perron wins face-off versus Frans Nielsen in Blues zone.
7:08 of 3rd period - Icing by Ryan O'Reilly.
7:09 of 3rd period - Frans Nielsen wins face-off versus Ryan O'Reilly in Blues zone.
7:12 of 3rd period - Backhand shot by Frans Nielsen.
7:12 of 3rd period - Stopped by Carey Price with a rebound.
7:17 of 3rd period - Off-side.
7:18 of 3rd period - Nicklas Backstrom wins face-off versus Mike Richards in neutral zone.
7:20 of 3rd period - Alex Pietrangelo is hit by Kris Versteeg and loses puck.
8:16 of 3rd period - Wrist shot by Drew Shore.
8:16 of 3rd period - Shot Misses the Net.
8:30 of 3rd period - Snap shot by Marko Dano.
8:30 of 3rd period - Shot Misses the Net.
8:45 of 3rd period - Off-side.
8:46 of 3rd period - Nicklas Backstrom wins face-off versus Darroll Powe in neutral zone.
8:48 of 3rd period - Off-side.
8:49 of 3rd period - Darroll Powe wins face-off versus Nicklas Backstrom in neutral zone.
9:26 of 3rd period - Wrist shot by Frans Nielsen.
9:26 of 3rd period - Stopped by Carey Price with a rebound.
9:28 of 3rd period - Backhand shot by Jakub Kindl.
9:28 of 3rd period - Deflect By Connor Brown.
9:28 of 3rd period - Stopped by Carey Price with a rebound.
9:40 of 3rd period - Snap shot by Ryan O'Reilly.
9:40 of 3rd period - Stopped by Robin Lehner without a rebound.
9:41 of 3rd period - Ryan O'Reilly wins face-off versus Mike Richards in Red Wings zone.
9:56 of 3rd period - Ryan O'Reilly is hit by Marko Dano and loses puck.
10:15 of 3rd period - Snap shot by Kris Versteeg.
10:15 of 3rd period - Deflect By Marko Dano.
10:15 of 3rd period - Stopped by Carey Price with a rebound.
10:19 of 3rd period - Wrist shot by Marko Dano.
10:19 of 3rd period - Shot Misses the Net.
10:21 of 3rd period - Slapshot by Philip Samuelsson.
10:21 of 3rd period - Stopped by Carey Price without a rebound.
10:22 of 3rd period - Nicklas Backstrom wins face-off versus Frans Nielsen in Blues zone.
10:22 of 3rd period - Nicklas Backstrom is hit by Kellan Lain.
10:34 of 3rd period - Off-side.
10:35 of 3rd period - Frans Nielsen wins face-off versus Nicklas Backstrom in neutral zone.
10:50 of 3rd period - Wrist shot by Frans Nielsen.
10:50 of 3rd period - Shot Blocked by Tyler Johnson.
10:56 of 3rd period - Connor Brown is hit by Filip Forsberg and loses puck.
11:31 of 3rd period - Slapshot by Philip Samuelsson.
11:31 of 3rd period - Stopped by Carey Price with a rebound.
11:33 of 3rd period - Slapshot by Ole-Kristian Tollefsen.
11:33 of 3rd period - Shot Blocked by Yann Sauvé.
11:35 of 3rd period - Snap shot by Alex Picard.
11:35 of 3rd period - Stopped by Carey Price without a rebound.
11:36 of 3rd period - Nicklas Backstrom wins face-off versus Mike Richards in Blues zone.
11:36 of 3rd period - Nicklas Backstrom is hit by Mike Richards.
12:14 of 3rd period - Wrist shot by Ryan O'Reilly.
12:14 of 3rd period - Stopped by Robin Lehner without a rebound.
12:15 of 3rd period - Mike Richards wins face-off versus Ryan O'Reilly in Red Wings zone.
13:09 of 3rd period - Snap shot by Carson Mcmillan.
13:09 of 3rd period - Stopped by Carey Price with a rebound.
13:45 of 3rd period - Linus Omark is hit by Darroll Powe and loses puck.
14:34 of 3rd period - Carson Mcmillan is hit by Kevin Hayes and loses puck.
15:00 of 3rd period - Marko Dano is hit by Nicklas Backstrom and loses puck.
15:21 of 3rd period - Philip Samuelsson is hit by Vincent Lecavalier and loses puck.
15:47 of 3rd period - Jake Gardiner is hit by Marko Dano and loses puck.
16:13 of 3rd period - Carson Mcmillan is hit by Ryan O'Reilly and loses puck.
16:41 of 3rd period - Minor Penalty to Linus Omark for Hooking.
16:42 of 3rd period - Drew Shore wins face-off versus Mike Richards in Blues zone.
18:41 of 3rd period - Penalty to Linus Omark is over, Linus Omark is back on ice.
18:58 of 3rd period - Wrist shot by Alex Picard.
18:58 of 3rd period - Shot Blocked by Nicklas Backstrom.
19:00 of 3rd period - Snap shot by Jakub Kindl.
19:00 of 3rd period - Shot Misses the Net.
19:19 of 3rd period - Off-side.
19:20 of 3rd period - Paul Kariya call a timeout for Blues.
19:20 of 3rd period - Frans Nielsen wins face-off versus Nicklas Backstrom in neutral zone.
19:39 of 3rd period - Snap shot by Carson Mcmillan.
19:39 of 3rd period - Deflect By Michael Haley.
19:39 of 3rd period - Stopped by Carey Price with a rebound.
19:49 of 3rd period - Snap shot by Carson Mcmillan.
19:49 of 3rd period - Shot Misses the Net.
19:51 of 3rd period - Slapshot by Carson Mcmillan.
19:51 of 3rd period - Stopped by Carey Price with a rebound.
Goals for this period are 0 for Blues vs 0 for Red Wings.
Shots for this period are 7 for Blues vs 17 for Red Wings.